 Dungeon Crawl Stone Soup version 0.18-b1-22-ge198996 (webtiles) character file.

46 RudyRod the Firebug (level 3, -1/24 HPs)
             Began as a Demonspawn Fire Elementalist on May 4, 2016.
             Slain by an adder (4 damage)
             ... on level 2 of the Dungeon.
             The game lasted 00:06:06 (1368 turns).

RudyRod the Firebug (Demonspawn Fire Elementalist)  Turns: 1368, Time: 00:06:07

Health: -1/24      AC:  2    Str:  8    XL:     3   Next: 46%
Magic:  0/6        EV: 12    Int: 17    God:
Gold:   61         SH:  0    Dex: 13    Spells: 1 memorised, 6 levels left

rFire  . . .     SeeInvis .     k - +1 short sword (elec)
rCold  . . .     Gourm    .     a - +0 robe
rNeg   . . .     Faith    .     (no shield)
rPois  .         Spirit   .     (helmet restricted)
rElec  .         Dismiss  .     (no cloak)
rCorr  .         Reflect  .     (no gloves)
SustAt .         Harm     .     (no boots)
MR     .....                    (no amulet)
Stlth  ++........               (no ring)
                                (no ring)

@: not resistant to hostile enchantments, unstealthy
A: horns 1
a: no special abilities


You were on level 2 of the Dungeon.
You were not hungry.

You visited 1 branch of the dungeon, and saw 2 of its levels.

You collected 61 gold pieces.

Inventory:

Hand Weapons
 e - a +0 mace
 k - a +1 short sword of electrocution (weapon)
Armour
 a - a +0 robe (worn)
Scrolls
 d - a scroll of enchant armour {unknown}
 f - a scroll of teleportation {unknown}
 l - a scroll of identify {unknown}
Potions
 h - a potion of degeneration {unknown}
 i - 3 potions of curing {unknown}
 j - a potion of ambrosia {unknown}
 m - 2 potions of flight {unknown}
Books
 b - a book of Flames

   Spells                             Type                      Level
   a - Flame Tongue                   Conjuration/Fire             1
   b - Throw Flame                    Conjuration/Fire             2
   c - Conjure Flame                  Conjuration/Fire             3
   d - Inner Flame                    Hexes/Fire                   3
   e - Sticky Flame                   Conjuration/Fire             4
   f - Fireball                       Conjuration/Fire             5
Comestibles
 c - a bread ration
 g - 3 chunks of flesh


   Skills:
 + Level 2.0 Dodging
 + Level 1.8 Stealth
 + Level 2.5 Spellcasting
 + Level 1.2 Conjurations
 + Level 3.5 Fire Magic


You had 6 spell levels left.
You knew the following spells:

 Your Spells              Type           Power        Failure   Level  Hunger
a - Flame Tongue          Conj/Fire      ##...        10%         1    #......


Dungeon Overview and Level Annotations

Branches:
Dungeon (2/15)

Altars:


Innate Abilities, Weirdness & Mutations

You have a pair of small horns on your head.


Message History

Press: ? - help, Shift-Dir - straight line, f/p - adder
Aim: an adder (moderately wounded)
The flame tongue misses the adder.
The adder barely misses you.
You barely miss the adder.
The adder is moderately wounded.
The adder barely misses you.
You barely miss the adder.
The adder is moderately wounded.
The adder closely misses you. The adder bites you.
* * * LOW HITPOINT WARNING * * *
You hit the adder.
The adder is moderately wounded.
You feel sick.
You are no longer poisoned.
The adder bites you.
* * * LOW HITPOINT WARNING * * *
You hit the adder.
The adder is severely wounded.
The adder bites you.
You die...

#.........# #########
#..(..)...# #.......#
#.........# #.......#
#........(# #.......#
########...##.#### #.......#
##........####.#### #.......#
#..####.#..........
#.......#####.#...#.######...#.
#.....(....)..@S......######..#
#.......#####.##..........###..
######### #.....####(........
#.....# ######.### #.......#
#.# # #.##...<# #.##. # ......#
#..?. ..#....# ##..# .##....#
.....


You could see an adder.

Vanquished Creatures
  3 dart slugs
  A giant gecko (D:2)
  A giant cockroach (D:2)
  7 goblins
  5 hobgoblins
  3 jackals (D:1)
  3 bats
  A giant newt (D:1)
  7 kobolds
  5 rats
36 creatures vanquished.

Notes
Turn   | Place    | Note
--------------------------------------------------------------
     0 | D:1      | RudyRod the Demonspawn Fire Elementalist began the quest for the Orb.
     0 | D:1      | Reached XP level 1. HP: 13/13 MP: 3/3
   121 | D:1      | Reached skill level 3 in Fire Magic
   190 | D:1      | Gained mutation: You have a pair of small horns on your head. [demonic ancestry]
   190 | D:1      | Reached XP level 2. HP: 15/19 MP: 0/5
   937 | D:1      | Reached XP level 3. HP: 24/24 MP: 2/6
  1368 | D:2      | Slain by an adder

Skill      XL: |  1  2  3 |
---------------+----------+-----
Fire Magic     | 3 |  3.5
Dodging        | 2 |  2.0
Stealth        | |  1.8
Spellcasting   | |  2.5
Conjurations   | |  1.2

Action                   || total
-------------------------++-------
Melee: Mace              ||     6
       Short sword       ||    12
 Cast: Flame Tongue      ||    55
  Eat: Chunk             ||     2
Armor: Robe              ||     6
Dodge: Dodged            ||    30
